 Dungeon Crawl Stone Soup version 0.23.1 (webtiles) character file.

Game seed: 0

23 Chiseanne the Skirmisher (level 3, -2/40 HPs)
             Began as an Ogre Monk on Mar 15, 2019.
             Was a Believer of Nemelex Xobeh.
             Slain by an orc wizard
             ... wielding a +0 dagger
              (3 damage)
             ... on level 2 of the Dungeon.
             The game lasted 00:02:28 (1742 turns).

Chiseanne the Skirmisher (Ogre Monk)                Turns: 1742, Time: 00:02:28

Health: -2/40      AC:  3    Str: 15    XL:     3   Next: 0%
Magic:  3/3        EV:  6    Int: 11    God:    Nemelex Xobeh [**....]
Gold:   34         SH: 10    Dex: 12    Spells: 2/2 levels left

rFire    . . .     SeeInvis .   a - +0 mace
rCold    . . .     Gourm    .   e - +0 large shield
rNeg     . . .     Faith    .   b - +0 robe
rPois    .         Spirit   .   (helmet restricted)
rElec    .         Reflect  .   (no cloak)
rCorr    .         Harm     .   (gloves unavailable)
MR       .....                  (boots unavailable)
Stlth    ++........             (no amulet)
HPRegen  0.13/turn              (no ring)
MPRegen  0.08/turn              (no ring)

@: no status effects
A: large, unfitting armour, tough skin 1
a: Draw Escape, Draw Destruction, Draw Summoning, Renounce Religion


You were on level 2 of the Dungeon.
You worshipped Nemelex Xobeh.
Nemelex Xobeh was pleased with you.
You were hungry.

You visited 1 branch of the dungeon, and saw 2 of its levels.

You collected 34 gold pieces.

Inventory:

Hand Weapons
 a - a +0 mace (weapon)
Missiles
 d - 92 stones (quivered)
 h - 41 arrows
 i - 4 large rocks
 m - 30 sling bullets
Armour
 b - a +0 robe (worn)
 e - a +0 large shield (worn)
Scrolls
 f - a scroll of identify {unknown}
 g - 3 scrolls of remove curse {unknown}
 k - a scroll of immolation {unknown}
Potions
 j - 2 potions of magic {unknown}
 l - a potion of curing {unknown}
 n - a potion of flight {unknown}
Comestibles
 c - 3 rations


   Skills:
 * Level 4.5 Fighting
 * Level 3.0 Maces & Flails
 * Level 3.0 Dodging
 - Level 1.4 Stealth


You had 2 spell levels left.
You didn't know any spells.
Your spell library was empty.

Dungeon Overview and Level Annotations

Branches:
Dungeon (2/15)

Altars:
Nemelex Xobeh


Innate Abilities, Weirdness & Mutations

You are too large for most types of armour.
You have tough skin. (AC +1)


Message History

You hit the orc wizard.
The orc wizard is lightly wounded.
The orc wizard hits you with a +0 dagger. x2
* * * LOW HITPOINT WARNING * * *
You barely miss the orc wizard. The orc wizard barely misses you.
The orc wizard hits you with a +0 dagger.
* * * LOW HITPOINT WARNING * * *
The orc wizard casts a spell.
The orc wizard blinks!
You block the orc wizard's attack. The orc hits you but does no damage.
You closely miss the orc wizard.
The orc wizard is severely wounded.
The orc wizard hits you with a +0 dagger.
* * * LOW HITPOINT WARNING * * *
The orc wizard hits you with a +0 dagger.
* * * LOW HITPOINT WARNING * * *
You block the orc's attack.
The orc wizard hits you with a +0 dagger.
You die...
Your body glows slightly and disappears.

#........###.#####.#
..#####..# #.# ###.#
.........###.###...###
#######..............
#.########...# #.#
#..# #.# #..#
#.#########o.#
#..>......@o.#
###########o## #.# #.#
# #.# ###### #.#
.....# #.# ####.# .# #
#.#


You could see 2 orc wizards and an orc.

Vanquished Creatures
  An adder (D:2)
  A leopard gecko (D:1)
  A giant cockroach (D:2)
  2 goblins (D:1)
  3 kobolds
  A ball python (D:1)
  3 bats
12 creatures vanquished.

Notes
Turn   | Place    | Note
-------+----------+-------------------------------------------
     0 | D:1      | Chiseanne the Ogre Monk began the quest for the Orb.
     0 | D:1      | Reached XP level 1. HP: 24/24 MP: 1/1
   376 | D:1      | Reached XP level 2. HP: 20/32 MP: 2/2
  1435 | D:2      | Found a sparkling altar of Nemelex Xobeh.
  1651 | D:2      | Became a worshipper of Nemelex Xobeh the Trickster
  1651 | D:2      | Received a gift from Nemelex Xobeh
  1651 | D:2      | Reached * piety under Nemelex Xobeh
  1651 | D:2      | Received a gift from Nemelex Xobeh
  1651 | D:2      | Reached ** piety under Nemelex Xobeh
  1679 | D:2      | Reached XP level 3. HP: 40/40 MP: 3/3
  1742 | D:2      | HP: 1/40 [orc wizard/+0 dagger (2)]
  1742 | D:2      | Slain by an orc wizard

Skill      XL: |  1  2 |
---------------+-------+-----
Maces & Flails | 3 |  3.0
Dodging        | 3 |  3.0
Fighting       | |  4.5
Stealth        | |  1.4

Action                   || total
-------------------------++-------
Melee: Mace              ||    68
  Use: Potion            ||     1
 Stab: Sleeping          ||     1
  Eat: Chunk             ||     2
Armor: Robe              ||    21
Dodge: Dodged            ||    34
Block: Large shield      ||    12
